 Dungeon Crawl Stone Soup version 0.30.0-5-g1a98f26d00 (webtiles) character file.

Game seed: 18155768898283833525

120 SnakkuSnakku7 the Vexing (level 4, -6/30 HPs)
             Began as a Vampire Hedge Wizard on May 9, 2023.
             Was a Follower of Makhleb.
             Mangled by a mummy (9 damage)
             ... on level 4 of the Dungeon.
             The game lasted 00:04:58 (2193 turns).

SnakkuSnakku7 the Vexing (Vampire Hedge Wizard)     Turns: 2193, Time: 00:04:58

Health: -6/30      AC:  6    Str: 15    XL:     4   Next: 75%
Magic:  8/8        EV: 12    Int: 18    God:    Makhleb [*.....]
Gold:   95         SH:  0    Dex: 13    Spells: 3/9 levels left

rFire   . . .        t - +0 rapier
rCold   . . .        (no shield)
rNeg    . . .        b - +0 robe
rPois   .            c - +0 hat
rElec   .            (no cloak)
rCorr   .            j - +0 pair of gloves
SInv    +            e - +2 pair of boots
Will    .....        (no amulet)
Stlth   ++           x - +6 ring of strength
HPRegen 0.45/turn    (no ring)
MPRegen 0.11/turn

%: no passive effects
@: healing quickly
A: alive, fangs 3, see invisible, vampiric 2
a: Exsanguinate, Renounce Religion


You were on level 4 of the Dungeon.
You worshipped Makhleb.
Makhleb was aware of your devotion.
You visited 1 branch of the dungeon, and saw 4 of its levels.

You collected 95 gold pieces.

Inventory:

Hand Weapons
 a - a +0 dagger
 t - a +0 rapier (weapon)
Missiles
 p - 5 poisoned darts
Armour
 b - a +0 robe (worn)
 c - a +0 hat (worn)
 e - a +2 pair of boots (worn)
 j - a +0 pair of gloves (worn)
Jewellery
 x - a +6 ring of strength (left hand)
Scrolls
 f - 2 scrolls of teleportation {unknown}
 h - 3 scrolls of amnesia {unknown}
 i - 2 scrolls of enchant armour {unknown}
 l - 3 scrolls of vulnerability {unknown}
 m - a scroll of blinking {unknown}
 q - 4 scrolls of identify {unknown}
 r - a scroll of magic mapping {unknown}
 s - a scroll of fear {unknown}
 v - a scroll of fog {unknown}
 w - 2 scrolls of immolation {unknown}
Potions
 d - a potion of magic
 g - a potion of brilliance {unknown}
 k - 3 potions of curing
 n - 2 potions of heal wounds {unknown}
 o - 2 potions of lignification {unknown}
 u - 2 potions of ambrosia {unknown}
 z - a potion of mutation {unknown}


   Skills:
 - Level 3.1 Short Blades
 - Level 2.1 Dodging
 - Level 3.0 Stealth
 - Level 3.0 Spellcasting
 - Level 0.6 Conjurations
 + Level 4.7 Hexes
 - Level 1.0 Summonings
 - Level 0.7 Translocations


You had 3 spell levels left.
You knew the following spells:

 Your Spells              Type           Power      Damage    Failure   Level
a - Magic Dart            Conj           16%        1d3       13%         1
b - Call Imp              Summ           12%        N/A       16%         2
c - Tukima's Dance        Hex            19%        N/A       7%          3

Your spell library contained the following spells:

 Spells                   Type           Power      Damage    Failure   Level
 Slow                     Hex            76%        N/A       2%          1
 Portal Projectile        Hex/Tloc       24%        N/A       16%         3
 Blink                    Tloc           10%        N/A       19%         2
 Cigotuvi's Dreadful Rot  Necr/Pois/Air  4%         N/A       24%         2
 Sublimation of Blood     Necr           2%         N/A       24%         2
 Wereblood                Tmut           2%         N/A       24%         2
 Mephitic Cloud           Conj/Pois/Air  3%         N/A       41%         3
 Blade Hands              Tmut           1%         N/A       99%         5
 Summon Hydra             Summ           3%         N/A       100%        7


Dungeon Overview and Level Annotations

Branches:
Dungeon (4/15)
 Temple: D:4-7

Altars:
Cheibriados
Hepliaklqana
Kikubaaqudgha
Makhleb

Portals:
Ossuary: D:4

Annotations:
D:3 Grinder


Innate Abilities, Weirdness & Mutations

Your natural rate of healing is accelerated.
You have razor-sharp teeth.
You have supernaturally acute eyesight. (SInv)
You are afflicted with vampirism and can become a bat while bloodless.


Message History

You hit the giant cockroach but do no damage.
The giant cockroach is moderately wounded.
The giant cockroach barely misses you.
The giant cockroach bites you but does no damage.
You closely miss the giant cockroach. Your bite misses the giant cockroach.
The giant cockroach is moderately wounded.
The giant cockroach bites you but does no damage.
You barely miss the giant cockroach.
The giant cockroach is moderately wounded.
The giant cockroach barely misses you.
You closely miss the giant cockroach.
The giant cockroach is moderately wounded.
The giant cockroach bites you.
You hit the giant cockroach.
You kill the giant cockroach!
Makhleb accepts your kill.
Found a scroll labelled NIYMUT CINALL.
You hear the slow hiss of a very distant avalanche of sand.
You hear the slow hiss of an avalanche of sand very nearby.
Found a lumpy pink potion.
u - 2 lumpy pink potions (gained 1)
Found a murky silvery potion.
You open the door.
A mummy comes into view.
Found a sand-covered staircase.
There is an open door here.
You hit the mummy but do no damage. You bite the mummy, but do no damage.
The mummy hits you!
You barely miss the mummy. You barely miss the mummy. The mummy hits you!
You hit the mummy.
The mummy is moderately damaged.
The mummy hits you!
* * * LOW HITPOINT WARNING * * *
You hit the mummy but do no damage. Your bite misses the mummy.
The mummy is moderately damaged.
You hit the mummy. You bite the mummy.
The mummy is severely damaged.
The mummy hits you!
You die...

##### #.#.. #!#.#
## ##...###. #
#....##.# .#
#...##.####.#####
#.............#
#.#####'#####.
#..##..@..#
#...##.M.##
##....##∩##
#......###
##.......#
#.....##...#
##....# ####
##...# ### ##..#
##. #.#


You could see a mummy.

Vanquished Creatures
  Jessica (D:2)
  2 dart slugs (D:3)
  3 orcs
  6 ball pythons
  7 endoplasms
  5 giant cockroaches
  7 goblins
  2 hobgoblins (D:1)
  5 quokkas
  8 bats
  A frilled lizard (D:2)
  3 rats
50 creatures vanquished.

Vanquished Creatures (collateral kills)
  An orc priest (D:4)
1 creature vanquished.

Grand Total: 51 creatures vanquished

Notes
Turn   | Place    | Note
-------+----------+-------------------------------------------
     0 | D:1      | SnakkuSnakku7 the Vampire Hedge Wizard began the quest for
                  | the Orb.
     0 | D:1      | Reached XP level 1. HP: 13/13 MP: 4/4
    63 | D:1      | Reached skill level 1 in Short Blades
   158 | D:1      | Reached XP level 2. HP: 19/19 MP: 6/6
   173 | D:1      | Learned a level 2 spell: Call Imp
   462 | D:1      | Gained mutation: You are afflicted with vampirism and can
                  | become a bat while bloodless. [Vampire growth]
   462 | D:1      | Reached XP level 3. HP: 19/24 MP: 7/7
   646 | D:1      | Learned a level 3 spell: Tukima's Dance
   978 | D:2      | Reached skill level 1 in Hexes
  1154 | D:2      | Noticed Jessica
  1160 | D:2      | Killed Jessica
  1161 | D:2      | Reached skill level 3 in Hexes
  1161 | D:2      | Reached XP level 4. HP: 24/30 MP: 8/8
  1690 | D:3      | Found a snail-covered altar of Cheibriados.
  1759 | D:3      | Found a faded altar of an unknown god.
  1767 | D:3      | Prayed at the altar of an unknown god.
  1767 | D:3      | Became a worshipper of Makhleb the Destroyer
  1767 | D:3      | Reached * piety under Makhleb
  1904 | D:3      | Found a hazy altar of Hepliaklqana.
  1910 | D:3      | Found an ancient bone altar of Kikubaaqudgha.
  1992 | D:3      | Noticed Grinder
  2082 | D:4      | Reached skill level 4 in Hexes
  2185 | D:4      | Found a sand-covered staircase.
  2193 | D:4      | Mangled by a mummy

Illustrated notes

Levels and vault maps discovered:
D:1:      nzn_arrival_water_spiral, layout_loops_ring
D:2:      layout_basic, kennysheep_jessica_study
D:3:      layout_basic, general_overflow_altar, amethyst_overflow_temple_binary,
          dreamdust_ecumenical_altar_angels_and_demons, uniq_grinder
D:4:      layout_layer_cave, marbit_many_paths, elyvilon_altar_3,
          mainiacjoe_overflow_alcove_1, mainiacjoe_overflow_catwalk,
          mainiacjoe_overflow_surrounded_room, temple_statues,
          gup_ossuary_entry_pyramid

Skill      XL: |  1  2  3  4 |
---------------+-------------+-----
Short Blades   | 1 3 |  3.1
Hexes          | 3 4 |  4.7
Dodging        | |  2.1
Stealth        | |  3.0
Spellcasting   | |  3.0
Conjurations   | |  0.6
Summonings     | |  1.0
Translocations | |  0.7

Action                     |  1- 3 |  4- 6 || total
---------------------------+-------+-------++-------
  Melee: Dagger            |   104 |       ||   104
         Bite              |     8 |    11 ||    19
         Rapier            |    19 |    61 ||    80
   Cast: Call Imp          |       |     1 ||     1
         Tukima's Dance    |       |     1 ||     1
    Use: Potion            |       |     1 ||     1
   Stab: Sleeping          |     8 |     1 ||     9
 Armour: Robe              |    45 |    26 ||    71
  Dodge: Dodged            |    88 |    37 ||   125
